AoeStats
← owengold23

Hideout

509035559Analyzed
1v1 RM · 8d ago on Sep 25, 2026· 39m 21s· 2 players
Game mode
Random Map
Map size
Tiny (2 player)
Population
200
Speed
Normal
Resources
Standard
Victory
Conquest
Starting age
Dark Age
Ending age
Imperial Age
RankedLock teamsTeams togetherTeam positionsShared explorationLock speedFull tech treeHidden civsTurbo modeCheats
Victory
Defeat
🇮🇳 Saxons · India
1733
+13
🇦🇺 Berbers · Australia
1664
-13
owengold23
9:28 Feudal Age
10:11 Double-Bit Axe
15:22 Castle Age
16:38 Bow Saw
16:54 Horse Collar
20:57 Bloodlines
20:42 Loom
22:04 Fletching
26:17 Wheelbarrow
28:21 Masonry
28:29 Bodkin Arrow
29:45 Padded Archer Armor
33:30 Imperial Age
31:10 Stone Mining
31:48 Gold Mining
32:29 Hand Cart
33:43 Leather Archer Armor
33:40 Town Watch
34:21 Bracer
36:02 Chemistry
35:22 Heavy Plow
35:46 Scale Barding Armor
36:40 Conscription
37:15 Chain Barding Armor
36:18 Light Cavalry
37:10 Hussar
39:28 Plate Barding Armor
anmolmaly
10:06 Feudal Age
14:12 Castle Age
12:42 Double-Bit Axe
13:17 Horse Collar
19:26 Loom
23:19 Heavy Plow
23:30 Bow Saw
25:15 Wheelbarrow
26:04 Gold Mining
29:10 Imperial Age
26:49 Fletching
26:59 Scale Mail Armor
27:12 Forging
28:23 Ballistics
28:40 Bodkin Arrow
29:01 Chain Mail Armor
29:01 Squires
28:47 Arson
30:54 Conscription
31:24 Gold Shaft Mining
31:53 Two-Man Saw
31:24 Crop Rotation
31:18 Conscription
30:22 Shield Wall
32:07 Chemistry
32:34 Plate Mail Armor
32:08 Bracer
33:04 Iron Casting
33:00 Stone Mining
33:41 Masonry
34:30 Town Watch
35:17 Hand Cart
35:17 Elite Hearth Troop
37:08 Siege Engineers
Connection lost

Rejoining the realm…

Still unreachable

The connection could not be restored.

Session expired

The server has moved on; the page needs a fresh start.